 Dungeon Crawl Stone Soup version 0.28.0 (webtiles) character file.

Game seed: 2350458285063818564

51 browni3141 the Skirmisher (level 3, -4/34 HPs)
             Began as a Minotaur Fighter on Feb 18, 2022.
             Slain by a phantom (8 damage)
             ... on level 4 of the Dungeon.
             The game lasted 00:00:53 (855 turns).

browni3141 the Skirmisher (Minotaur Fighter)         Turns: 855, Time: 00:00:54

Health: -4/34      AC:  9    Str: 22    XL:     3   Next: 57%
Magic:  2/2        EV:  6    Int:  5    God:
Gold:   46         SH:  8    Dex:  9    Spells: 2/2 levels left

rFire   . . .      SeeInvis .   a - +0 war axe
rCold   . . .      Faith    .   g - +0 kite shield
rNeg    . . .      Spirit   .   k - +0 chain mail
rPois   .          Reflect  .   (helmet restricted)
rElec   .          Harm     .   (no cloak)
rCorr   .          Rampage  .   (no gloves)
Will    .....                   (no boots)
Stlth   ..........              (no amulet)
HPRegen 0.11/turn               (no ring)
MPRegen 0.08/turn               (no ring)

@: mighty
A: horns 2, retaliatory headbutt
a: no special abilities


You were on level 4 of the Dungeon.
You visited 1 branch of the dungeon, and saw 3 of its levels.

You collected 46 gold pieces.


Innate Abilities, Weirdness & Mutations

You have a pair of horns on your head.
You reflexively headbutt those who attack you in melee.


   Skills:
 * Level 4.4 Fighting
 * Level 3.4 Axes
 + Level 4.0 Armour
 + Level 4.0 Shields


You had 2 spell levels left.
You didn't know any spells.
Your spell library was empty.

Inventory:

Hand Weapons
 a - a +0 war axe (weapon)
Armour
 b - a +0 scale mail
 c - a +0 buckler
 g - a +0 kite shield (worn)
 k - a +0 chain mail (worn)
Magical Staves
 l - a staff of fire
Scrolls
 e - 3 scrolls of identify {unknown}
 h - a scroll of holy word {unknown}
 j - a scroll of magic mapping {unknown}
Potions
 f - a potion of attraction {unknown}
 i - a potion of invisibility {unknown}

Dungeon Overview and Level Annotations

Branches:
Dungeon (2/15)

Altars:

Annotations:
D:4 Sigmund

### #.# #### .
##.###..## ..
#...##...# ...
#...##...## ...
###...##@...# #. ...
#.#..gnW....# #..
#.##.l.@#...#...#
...##....#.##...#...#
.......#####.........#
......l.............##
.....................
<....#...............#
#....................


You could see Sigmund, a phantom, a necrophage, an iguana and a gnoll.


Message History

The gnoll hits you from afar with a +0 spear.
* * * LOW HITPOINT WARNING * * *
You slice the gnoll!!
You kill the gnoll!
You barely miss the phantom. You barely miss the necrophage.
The phantom hits you.
* * * LOW HITPOINT WARNING * * *
The phantom blinks!
You blink.
You block the phantom's attack.
Your Armour skill increases to level 4!
You hit the phantom. Your headbutt misses the phantom.
The phantom is lightly damaged.
The phantom hits you but does no damage.
You slash the phantom!
The phantom is heavily damaged.
You block the phantom's attack.
The phantom hits you but does no damage.
You closely miss the phantom.
The phantom is heavily damaged.
The phantom hits you but does no damage.
You barely miss the phantom. Your headbutt misses the phantom.
The phantom is heavily damaged.
The phantom hits you but does no damage.
The phantom barely misses you. You furiously retaliate!
You headbutt the phantom. You block the phantom's attack.
You miss the phantom. Your headbutt misses the phantom.
The phantom is heavily damaged.
Sigmund says, "You will soon forget everything."
The phantom hits you!
You die...

Skill      XL: |  1  2  3 |
---------------+----------+-----
Fighting       | 4 |  4.4
Axes           | 3 |  3.4
Shields        | 4 |  4.0
Armour         | 4 |  4.0

Action                   || total
-------------------------++-------
Melee: War axe           ||    52
       Headbutt          ||     4
  Use: Potion            ||     1
Armor: Scale mail        ||    13
       Chain mail        ||    10
Dodge: Dodged            ||    17
Block: Kite shield       ||    31
       Buckler           ||     2

Levels and vault maps discovered:
D:1:      dpeg_arrival_chambers_temple_mockup, layout_rooms, kennysheep_doodads,
          minmay_pentomino_x2
D:2:      layout_basic, nicolae_ecumenical_lake_church, uniq_robin
D:4:      layout_cave_pools, minmay_temple_entry_glassed_door,
          kennysheep_generic_room_10, uniq_sigmund

Notes
Turn   | Place    | Note
-------+----------+-------------------------------------------
     0 | D:1      | browni3141 the Minotaur Fighter began the quest for the
                  | Orb.
     0 | D:1      | Reached XP level 1. HP: 19/19 MP: 0/0
   326 | D:1      | Reached XP level 2. HP: 25/26 MP: 1/1
   421 | D:1      | Reached skill level 4 in Fighting
   731 | D:2      | Reached skill level 3 in Axes
   750 | D:2      | Reached XP level 3. HP: 25/33 MP: 2/2
   836 | D:2      | You fall into a shaft and drop 2 floors!
   836 | D:4      | Noticed Sigmund
   836 | D:4      | Noticed a phantom
   836 | D:4      | Noticed a necrophage
   840 | D:4      | Reached skill level 4 in Shields
   841 | D:4      | HP: 2/33 [phantom (3)]
   842 | D:4      | Reached skill level 4 in Armour
   855 | D:4      | Slain by a phantom

Vanquished Creatures
  An adder (D:2)
  2 gnolls (D:4)
  2 dart slugs (D:1)
  A bat (D:2)
  3 goblins
  3 hobgoblins
  A ball python (D:1)
  2 frilled lizards
  3 kobolds (D:1)
  A rat (D:2)
19 creatures vanquished.

Table legend: (Time is in decaauts)
 A = Elapsed time spent in this place.
 B = Non-inter-level travel time spent in this place.
 C = Inter-level travel time spent in this place.
 D = Time resting spent in this place.
 E = Time spent auto-exploring this place.
 F = Levels seen in this place.
 G = Mean time per level.
                   A        B        C        D        E       F      G
               +--------+--------+--------+--------+--------+-----+--------+
         Total |    880 |    863 |     17 |      0 |    669 |   3 |  293.3 |
       Dungeon |    880 |    863 |     17 |      0 |    669 |   3 |  293.3 |
               +--------+--------+--------+--------+--------+-----+--------+

Top non-repeatable levels by time:
     D:1: 650 daAuts
     D:2: 207 daAuts
     D:4: 22 daAuts

Table legend:
 A = Non-vault XP
 B = Vault XP
 C = Vault XP percentage of total XP
 D = Non-vault monster count
 E = Vault monster count
 F = Vault count percentage of total count
                 A         B        C        D         E       F
            +---------+---------+-------+---------+---------+-------
      Total |      69 |       4 |   5.5 |      17 |       2 |  10.5
            +---------+---------+-------+---------+---------+-------
        D:1 |      18 |       4 |  18.2 |       9 |       2 |  18.2
        D:2 |      22 |       0 |   0.0 |       6 |       0 |   0.0
        D:4 |      29 |       0 |   0.0 |       2 |       0 |   0.0
            +---------+---------+-------+---------+---------+-------
